woodfighter, chaotic female elven Priestess -------------- #-..<.........| ----------- #|............| ------- ----------- |.........| .............| --.....+ ..........| |.%.......|#######-------|------ #.......| |......>..-# |.........| # # ###|.......#######...*.{....|# |..........###########%########## # |......| -----------# --------|-- ### # ### |...).-- # ## # -------.- # ---.--- # # ### |........######## # # ######## # |.-----.| ########################## -|- ------ ### |.| |.| #-@- |.......*.| # |.| |.| #|q.[ |..........## |.-----.| #+..$.| |.........| |.......| |....| ----------- --------- ------ woodfighter the Priestess Experience level: 10 Strength: 25 Dexterity: 16 Constitution: 14 Intelligence: 21 Wisdom: 10 Charisma: 9 Health: 0(62) Energy: 107(107) Def: 15 Gold: 24 Moves: 15443 Dungeon seed: 1ArEXSXyN7BZSJOk Game ID: woodfighter_1490219665 Your Inventory: Coins $ - 24 gold pieces Amulets F - an amulet of ESP (being worn) Weapons a - a blessed thoroughly rusty +1 mace (weapon in hand) Armor e - a blessed +2 orcish helm (being worn) n - a +0 small shield (being worn) u - a +0 elven mithril-coat (being worn) G - a +0 pair of water walking boots (being worn) H - a +0 robe I - a blessed +4 dwarvish cloak (being worn) J - a +0 mummy wrapping M - a thoroughly rusty +0 pair of gauntlets of power (being worn) Comestibles c - a tripe ration r - a lichen corpse C - 8 food rations Z - a lizard corpse Rings b - a ring of slow digestion (on left hand) Wands E - a wand of magic missile (0:1) N - a wand of lightning (0:4) R - a wand of digging (0:3) T - a wand of teleportation (0:6) Tools q - a -1 unicorn horn s - a bag of holding w - a magic whistle y - a skeleton key K - a stethoscope S - a +0 pick-axe W - a towel X - a can of grease (0:25) Gems m - a luckstone Contents of the bag of holding: 360 gold pieces a lizard corpse 2 sprigs of wolfsbane a scroll of identify a potion of confusion a potion of oil a potion of paralysis a potion of see invisible a ring of conflict a +0 unicorn horn Spells and supernatural/magical abilities: Name Level Category Fail Memory h - healing 1 healing 100% 23% l - light 1 divination 100% 23% o - cone of cold 4 attack 100% 92% w - wizard lock 2 matter 100% 58% x - extra healing 3 healing 100% 23% B - cure blindness 2 healing 100% 58% D - drain life 3 attack 100% 92% E - detect food 2 divination 100% 58% G - detect treasure 4 divination 100% 35% I - identify 3 divination 100% 92% K - cure sickness 3 healing 100% 58% S - stone to flesh 3 healing 100% 92% T - turn undead 4 clerical 100% 58% W - pray for help -- divine ? -- X - turn undead -- divine ? -- Your skills at the end: Miscellaneous Skills shield [Expert] wands [Basic] Weapon Skills mace [Expert] Spellcasting Skills divination spells [Basic] clerical spells [Basic] Final Attributes: You were piously aligned. You were cold resistant. You were sleep resistant. You were poison resistant. Your writing hand was ok. You were telepathic. You had infravision. You were invisible. You were stealthy. You could walk on water. You had slower digestion. You were lucky. You had extra luck. Bad luck did not time out for you. Good luck did not time out for you. You are dead. Vanquished creatures: a young green dragon 2 giant mimics a large mimic a quantum mechanic an island nymph an ettin mummy a large dog 2 shocking spheres 2 gargoyles a tengu a gelatinous cube a human mummy a wraith an ettin zombie 3 giant beetles 2 wolves 2 winter wolf cubs 2 lynxes 3 quivering blobs 2 lizards an orc-captain a mumak a horse a vampire bat 3 gnome kings an orc mummy an ogre a brown pudding a rust monster an owlbear a yeti 2 piranhas a dog 2 dingos a housecat 2 gray unicorns a dust vortex a raven a plains centaur a snake a rope golem a soldier ant 2 fire ants 2 yellow lights a baby crocodile 10 Mordor orcs 21 Uruk-hai 12 orc shamans 2 rock piercers 5 ponies 4 fog clouds a violet fungus 17 gnome lords 4 gnomish wizards 3 kobold mummies a red naga hatchling a guardian naga hatchling 2 straw golems a paper golem 7 giant ants 4 floating eyes 6 kittens 18 dwarves a kobold lord 4 iguanas 13 hill orcs 10 rothes 3 rabid rats 2 centipedes a giant bat 3 monkeys 5 orc zombies 5 dwarf zombies 2 werejackals 9 killer bees 6 coyotes 5 gas spores 4 hobbits an acid blob 3 large kobolds 5 geckos 6 hobgoblins 4 giant rats 4 cave spiders 2 brown molds 3 yellow molds a red mold 59 gnomes 9 garter snakes 2 manes a gnome zombie 14 jackals a fox 7 kobolds 12 newts 8 goblins 8 sewer rats 14 grid bugs 2 bats 13 lichens 4 kobold zombies 438 creatures vanquished. Voluntary challenges: You did not have reflection. You were not displaced. You had been an atheist until turn 10172. You used a wielded weapon 613 times, starting on turn 225. You did not use plumbed fixtures. You did not drink any magical draughts. You read items or engraved 97 times, starting on turn 2310. You never genocided any monsters. You never polymorphed an object. You changed form 1 time, starting on turn 9867. You completed Sokoban on turn 4755, according to the rules. You used no wishes. You never split a pudding. You never wrote Elbereth's name. You violated your moral code, losing 4 points of alignment, starting on turn 10223. Dungeon overview: The Dungeons of Doom: levels 1 to 11 Level 1 an altar to Susanowo, a sink a long staircase Level 2 Level 3 (vault) some fountains stairs to The Gnomish Mines Level 4 Level 5 many fountains Level 6 a fountain stairs to Sokoban Level 7 Level 8 Level 9 an altar to Susanowo, some fountains Level 10 <- You were here a fountain Level 11 The Gnomish Mines: levels 4 to 12 Level 4 stairs to The Dungeons of Doom Level 5 Level 6 some shops, a temple to Amaterasu Omikami, a magic chest, some fountains Level 7 Level 8 Level 9 Level 10 Level 11 Level 12 many altars to Moloch, a magic chest, some fountains Sokoban: levels 2 to 5 Level 2 a magic chest Level 3 a sink Level 4 Level 5 a magic chest stairs to The Dungeons of Doom History has recorded: On T:1 you entered the Dungeons of Doom to retrieve the Amulet of Yendor! On T:145 you reached level 2 of The Dungeons of Doom. On T:410 you reached level 3 of The Dungeons of Doom. On T:778 you reached level 4 of The Dungeons of Doom. On T:872 you reached level 1 of The Gnomish Mines. On T:1001 you advanced to experience level 2. On T:1053 you reached level 5 of The Dungeons of Doom. On T:1125 you advanced to experience level 3. On T:1326 you advanced to experience level 4. On T:1708 you advanced to experience level 5. On T:1787 you reached level 6 of The Dungeons of Doom. On T:1845 you reached level 7 of The Dungeons of Doom. On T:2209 you reached level 4 of Sokoban. On T:2336 you opened a magic chest. On T:2357 you advanced to experience level 6. On T:2705 you reached level 3 of Sokoban. On T:2927 you reached level 2 of Sokoban. On T:3562 you reached level 1 of Sokoban. On T:3748 you advanced to experience level 7. On T:4755 you advanced to experience level 8. On T:4755 you entered the Sokoban zoo. On T:5429 you reached level 2 of The Gnomish Mines. On T:5849 you reached level 3 of The Gnomish Mines. On T:5909 you reached level 4 of The Gnomish Mines. On T:5993 you reached level 5 of The Gnomish Mines. On T:6452 you entered the Minetown temple On T:7610 you advanced to experience level 9. On T:7851 you reached level 6 of The Gnomish Mines. On T:8316 you reached level 7 of The Gnomish Mines. On T:8628 you reached the bottom of the Mines. On T:9686 you reached level 8 of The Gnomish Mines. On T:10172 you prayed to Susanowo. On T:11254 you prayed to Susanowo. On T:11712 you prayed to Susanowo. On T:11941 you reached level 9 of The Dungeons of Doom. On T:12165 you advanced to experience level 10. On T:12468 you prayed to Susanowo. On T:15064 you reached level 10 of The Dungeons of Doom. On T:15375 you reached level 11 of The Dungeons of Doom. Score breakdown: Gold: 384 ( 38 points) Experience: 10 levels ( 900 points) Exploration: 12 levels ( 330 points) Discoveries: 67 items ( 2000 points) Variety of kills: 101 monsters ( 2000 points) Major goal: Sokoban/Mines ( 1500 points) Survival: died (score multiplied by 3) Total score: 20304 Latest messages: You stagger... Nothing seems to happen. You feel a bit steadier now. You see here a lance. $ - 10 gold pieces. You see here 11 rocks. $ - 14 gold pieces. The door opens. You stop exploring. You hit the leocrotta! The leocrotta claws you! The leocrotta misses. The leocrotta claws you! The leocrotta misses. The leocrotta bites! The leocrotta misses. You hit the leocrotta! The leocrotta misses. The leocrotta bites! The leocrotta claws you! You hit the leocrotta! The leocrotta claws you! The leocrotta misses. The leocrotta claws you! (2x) The leocrotta bites! You die... Final status: Goodbye woodfighter the Priestess, killed by a leocrotta... You died in The Dungeons of Doom on dungeon level 10 with 20304 points, and 384 pieces of gold, after 15443 moves. You were level 10 with a maximum of 62 hit points when you died.